Map: Waterfall

Players

Dolan

  • Race: Terran Terran
  • Spawn Location: 1:00

Spirit - Winner!

  • Race: Terran Terran
  • Spawn Location: 7:00

Event: DreamHack SC2 Masters 2022 Atlanta (Offline)

VOD

Have the link to the VOD?

Description

Time

  • Played on: Nov. 18, 2022, 1:55 p.m.
  • Length: 10:37

All games in this series

Show
View Real Time Build Order
Export as new Build Order

Dolan Terran 

Build Orders: Cyclone Opening, Mech 

Get SALT Encoding   

  12  0:00  SCV  
  13  0:12  SCV  
  14  0:16  Supply Depot  
  14  0:24  SCV  
  15  0:38  SCV  
  15  0:39  Barracks  
  16  0:42  Refinery  
  16  0:50  SCV  
  16  0:52  Refinery  
  17  1:02  SCV  
  18  1:14  SCV  
  19  1:26  Reaper, Orbital Command  
  19  1:29  Supply Depot  
  20  1:43  Factory  
  20  1:53  SCV  
  21  1:58  Reaper  
  22  2:05  SCV  
  23  2:17  SCV  
  24  2:24  Command Center  
  24  2:27  Factory Tech Lab  
  24  2:30  SCV  
  24  2:33  Barracks Reactor  
  25  2:42  SCV  
  26  2:45  Cyclone  
  29  2:51  Supply Depot  
  29  2:54  SCV  
  30  3:01  Starport  
  30  3:06  SCV  
  31  3:13  Marine x2  
  31  3:15  Refinery  
  33  3:20  Siege Tank  
  33  3:24  SCV  
  37  3:36  Orbital Command  
  37  3:37  SCV, Starport Tech Lab  
  38  3:45  Marine x2  
  40  3:50  SCV  
  40  3:55  Supply Depot  
  41  3:57  Raven  
  41  4:02  SCV  
  44  4:03  SCV  
  44  4:07  Siege Tank  
  48  4:12  Marine x2  
  48  4:14  SCV  
  48  4:15  SCV  
  52  4:20  Supply Depot  
  52  4:26  SCV  
  52  4:27  SCV  
  54  4:33  Marine x2  
  57  4:38  SCV  
  57  4:40  SCV, Raven  
  60  4:46  Siege Tank  
  60  4:50  Supply Depot, SCV  
  60  4:52  SCV  
  65  4:59  Command Center  
  65  5:05  SCV x2  
  67  5:07  Marine x2  
  67  5:12  Refinery  
  67  5:14  Supply Depot  
  69  5:22  Siege Tank  
  72  5:36  SCV x2  
  73  5:46  Viking x2  
  73  5:48  SCV x2  
  79  5:50  Barracks Reactor  
  79  5:52  Factory x2  
  79  5:59  Supply Depot  
  79  6:00  SCV x2  
  79  6:04  Siege Tank  
  84  6:12  Refinery, SCV x2  
  84  6:13  Refinery  
  86  6:25  SCV x2  
  88  6:26  Viking x2  
  88  6:32  Supply Depot  
  93  6:33  Supply Depot, Orbital Command  
  93  6:37  SCV x2  
  93  6:39  Siege Tank  
  97  6:46  Siege Tank  
  100  6:47  Hellion x2  
  100  6:49  SCV x2  
  106  6:56  Engineering Bay  
  106  6:59  SCV  
  107  7:01  SCV x2  
  107  7:06  Viking x2  
  113  7:16  Hellion x2, Siege Tank  
  113  7:18  Siege Tank  
  123  7:37  Viking  
  123  7:40  Command Center  
  125  7:50  Armory  
  125  7:51  Armory  
  125  7:52  Supply Depot  
  125  8:03  SCV x2  
  125  8:05  SCV  
  125  8:06  Viking  
  125  8:07  Hellion  
  125  8:08  Hellion  
  106  8:31  Factory  
  106  8:34  Factory  
  106  8:37  Thor  
  106  8:38  Thor, Viking x2  
  106  8:39  Hellion x2  
  106  8:41  Terran Vehicle And Ship Armor Level 1, Terran Vehicle Weapons Level 1, SCV x3  
  124  9:00  SCV x3  
  125  9:11  Viking x2  
  125  9:13  SCV x3  
  125  9:17  Factory Tech Lab, Factory Reactor  
  132  9:19  Hellion x2  
  132  9:22  Thor  
  132  9:23  Thor, Sensor Tower  
  148  9:26  SCV x2  
  148  9:27  SCV  
  131  9:38  SCV x2  
  131  9:39  SCV  
  131  9:41  Thor  
  131  9:42  Viking  
  131  9:44  Viking  
  147  9:53  Hellion x2  
  147  10:07  Hellion  
  147  10:08  Hellion  
  85  10:23  SCV x2  
Show
View Real Time Build Order
Export as new Build Order

Spirit Terran - Winner!

Build Orders:  

Get SALT Encoding   

  12  0:00  SCV  
  13  0:12  SCV  
  14  0:17  Supply Depot  
  14  0:25  SCV  
  15  0:39  SCV  
  15  0:40  Barracks  
  16  0:44  Refinery  
  16  0:51  SCV  
  16  0:55  Refinery  
  17  1:03  SCV  
  18  1:15  SCV  
  19  1:27  Reaper, Orbital Command  
  19  1:31  Supply Depot  
  20  1:42  Factory  
  20  1:53  SCV  
  21  1:59  Reaper  
  22  2:05  SCV  
  23  2:17  SCV  
  24  2:24  Command Center  
  24  2:28  Hellion  
  24  2:29  SCV  
  27  2:32  Barracks Reactor  
  27  2:37  Supply Depot  
  27  2:41  SCV  
  28  2:50  Hellion  
  30  2:53  Starport  
  30  2:56  SCV  
  31  3:08  SCV  
  31  3:09  Marine x2  
  31  3:11  Factory Tech Lab  
  34  3:16  Refinery  
  34  3:20  SCV  
  34  3:27  Marine x2  
  35  3:30  Starport Tech Lab  
  37  3:35  Cyclone  
  37  3:37  Orbital Command  
  37  3:39  SCV  
  41  3:44  Marine  
  42  3:51  SCV, Raven  
  42  3:54  Marine  
  46  4:02  SCV  
  47  4:04  SCV  
  47  4:07  Supply Depot  
  48  4:12  Siege Tank  
  48  4:14  SCV  
  48  4:16  SCV  
  48  4:17  Marine  
  54  4:25  Supply Depot  
  54  4:28  SCV x2, Marine  
  57  4:32  Supply Depot  
  57  4:34  Raven  
  59  4:39  Marine  
  59  4:40  SCV x2  
  62  4:48  Siege Tank  
  65  4:53  SCV x2  
  67  5:05  SCV x2, Command Center  
  68  5:11  Supply Depot  
  68  5:17  SCV x2  
  68  5:20  Refinery, Siege Tank  
  73  5:28  Viking x2  
  75  5:29  SCV  
  75  5:32  SCV, Stimpack  
  76  5:41  SCV  
  77  5:47  Supply Depot, SCV  
  78  5:52  Barracks, Siege Tank  
  78  5:53  SCV, Barracks  
  80  5:57  Marine  
  80  5:59  SCV  
  82  6:05  Viking  
  82  6:11  SCV  
  85  6:13  SCV  
  85  6:17  Orbital Command  
  86  6:23  Engineering Bay  
  86  6:24  Engineering Bay, SCV, Siege Tank  
  90  6:25  SCV  
  90  6:27  Supply Depot  
  90  6:30  Marine  
  92  6:33  Viking  
  92  6:35  Viking  
  92  6:36  SCV  
  92  6:38  Supply Depot, SCV  
  98  6:40  Barracks Reactor  
  98  6:41  Barracks Reactor  
  98  6:45  SCV  
  99  6:48  SCV, Marine  
  99  6:50  SCV  
  102  6:56  Supply Depot, Terran Infantry Armor Level 1, Siege Tank, Terran Infantry Weapons Level 1  
  102  6:58  SCV  
  102  7:00  SCV  
  107  7:02  SCV  
  107  7:08  Supply Depot  
  108  7:10  SCV  
  108  7:12  SCV, Barracks  
  108  7:14  Barracks  
  108  7:15  Refinery  
  110  7:16  Refinery, Viking  
  110  7:17  Viking  
  110  7:21  Marauder, Marine x2  
  118  7:23  Combat Shield  
  118  7:25  Marine x2  
  118  7:27  SCV  
  118  7:29  SCV  
  122  7:36  Siege Tank  
  125  7:41  Supply Depot x2, SCV  
  126  7:46  SCV  
  126  7:47  SCV  
  128  7:53  Viking x2  
  128  7:57  Command Center  
  125  8:08  Marauder, Marine  
  125  8:11  Marine  
  120  8:20  SCV  
  120  8:23  Liberator  
  120  8:24  Barracks Tech Lab x2  
  120  8:26  SCV x2  
  122  8:30  Marauder  
  122  8:33  SCV  
  125  8:36  Liberator  
  125  8:38  SCV x2  
  125  8:39  Marine  
  127  8:45  SCV  
  127  8:46  Marauder, Marine  
  127  8:47  Armory, Marauder  
  133  8:50  SCV x2  
  133  8:51  Marauder  
  133  8:55  Marine  
  138  8:57  SCV  
  138  8:58  Marine  
  140  9:08  Marauder x2  
  142  9:12  SCV, Marine x2  
  142  9:13  Marauder, Marine  
  142  9:16  Marine  
  142  9:17  SCV, Orbital Command  
  149  9:20  Refinery  
  150  9:24  SCV  
  150  9:29  Marauder x2  
  150  9:30  Marine  
  156  9:33  Marine  
  156  9:34  Marauder, Marine  
  156  9:35  SCV  
  150  9:40  Siege Tank, Marine  
  150  9:41  Medivac x2  
  158  9:47  SCV  
  158  9:48  Marine  
  158  9:51  Marauder x2  
  164  10:03  Supply Depot x2  
  164  10:04  Supply Depot x2, Refinery  
  164  10:05  Starport  
  164  10:06  Starport  
  164  10:07  Fusion Core  
  164  10:11  SCV, Marauder, Marine  
  164  10:12  SCV, Marauder  
  164  10:13  Marauder, Marine  
  158  10:14  Marine  
  158  10:17  Marine  
Tags
 
Add a new tag
Caveats
  • Supply blocks, unpowered buildings, or Contaminate may cause inaccurate times.
  • Supply counts are checked every 10 seconds.